AoeStats
← TowersAreArmy

Nomad

505830895Analyzed
4v4 RM · 20d ago on Sep 11, 2026· 34m 22s· 8 players
Game mode
Random Map
Map size
231×231
Population
200
Speed
Normal
Resources
Standard
Victory
Conquest
Starting age
Dark Age
Ending age
Imperial Age
RankedLock teamsTeams togetherTeam positionsShared explorationLock speedFull tech treeHidden civsTurbo modeCheats
Victory
Defeat
🇨🇳 Vietnamese · China
1589
+17
🇨🇦 Mongols · Canada
1505
+20
🇨🇳 Berbers · China
1491
+21
🇨🇳 Persians · China
1439
+22
🇨🇳 Muisca · China
1672
-23
🇨🇳 Persians · China
1665
-24
🇨🇳 Berbers · China
1528
-17
🇨🇳 Koreans · China
1508
-16
TowersAreArmy
3:49 Loom
13:49 Feudal Age
17:30 Castle Age
21:12 Fletching
28:27 Bodkin Arrow
给你一棒槌
11:55 Loom
14:03 Feudal Age
15:04 Double-Bit Axe
18:03 Castle Age
15:55 Fishing Lines
17:06 Forging
18:39 Wheelbarrow
18:56 Medium Warships
19:23 Iron Casting
19:27 Bow Saw
21:06 Horse Collar
21:42 Gold Mining
23:03 Heavy Plow
34:06 Imperial Age
31:23 Town Watch
32:25 Treadmill Crane
34:07 Scale Barding Armor
34:52 Husbandry
晚辞
4:30 Loom
14:14 Feudal Age
18:39 Castle Age
16:52 Gold Mining
17:11 Double-Bit Axe
17:35 Fletching
20:46 Gold Shaft Mining
24:08 Bow Saw
25:02 Bodkin Arrow
28:15 Ballistics
31:12 Horse Collar
32:09 Husbandry
33:12 Padded Archer Armor
小陆别乱撞
11:00 Loom
13:28 Feudal Age
14:37 Double-Bit Axe
16:25 Gold Mining
17:52 Wheelbarrow
17:01 Horse Collar
21:46 Castle Age
19:41 Stone Mining
23:16 Husbandry
23:27 Bloodlines
26:15 Scale Barding Armor
30:54 Bow Saw
32:33 Gold Shaft Mining
雾雨精灵
6:49 Loom
11:54 Feudal Age
15:02 Fletching
17:34 Double-Bit Axe
18:46 Padded Archer Armor
22:34 Horse Collar
29:44 Castle Age
30:20 Bodkin Arrow
30:48 Heavy Plow
30:59 Bow Saw
32:14 Leather Archer Armor
32:36 Sanctity
32:10 Gold Mining
32:52 Redemption
33:08 Sanctity
CNZS_Dadaya
6:11 Loom
14:57 Feudal Age
14:23 Loom
15:37 Double-Bit Axe
15:33 Fishing Lines
15:51 Gold Mining
18:39 Castle Age
19:42 Medium Warships
20:01 Bow Saw
21:19 Gillnets
23:30 Wheelbarrow
23:57 Caravan
24:46 Town Watch
25:58 Hand Cart
28:26 Clinker Construction
28:28 Stone Mining
33:04 Imperial Age
31:07 Fletching
31:17 Padded Archer Armor
31:53 Ballistics
32:26 Bodkin Arrow
33:19 Stone Shaft Mining
33:36 Kasbah
34:38 Carvel Hull
34:32 Careening
35:23 Chemistry
34:52 Conscription
第98次心痛
11:35 Loom
13:54 Feudal Age
17:46 Castle Age
17:09 Forging
19:06 Medium Warships
18:54 Fletching
19:02 Town Watch
19:05 Double-Bit Axe
22:18 Fishing Lines
22:55 Bow Saw
25:06 Wheelbarrow
29:20 Imperial Age
26:56 Treadmill Crane
28:21 Squires
28:06 Arson
28:46 Ballistics
29:48 Bodkin Arrow
29:39 Elite Skirmisher
31:47 Bracer
33:40 Conscription
34:52 Chemistry
33:48 Gillnets
邪恶菜菜虎
5:18 Loom
14:55 Feudal Age
15:41 Town Watch
15:42 Fishing Lines
18:23 Castle Age
16:38 Double-Bit Axe
19:17 Scale Barding Armor
19:25 Bow Saw
19:29 Gold Mining
20:48 Bloodlines
20:39 Husbandry
21:38 Wheelbarrow
21:18 Medium Warships
22:08 Gillnets
25:57 Chain Barding Armor
28:03 Forging
28:45 Gold Shaft Mining
30:38 Horse Collar
32:44 Hand Cart
33:02 Heavy Plow
37:13 Imperial Age
Connection lost

Rejoining the realm…

Still unreachable

The connection could not be restored.

Session expired

The server has moved on; the page needs a fresh start.